AoeStats
← U_Picciò

Arena

509168442Analyzed
4v4 RM · 7d ago on Sep 25, 2026· 125m 7s· 8 players
Game mode
Random Map
Map size
Large (8 player)
Population
200
Speed
Normal
Resources
Standard
Victory
Conquest
Starting age
Dark Age
Ending age
Imperial Age
RankedLock teamsTeams togetherTeam positionsShared explorationLock speedFull tech treeHidden civsTurbo modeCheats
Victory
Defeat
🇮🇹 Saxons · Italy
626
+17
🇰🇼 Spanish · Kuwait
623
+17
🇮🇹 Romans · Italy
584
+19
🇵🇪 Vietnamese · Peru
575
+19
🇦🇷 Mongols · Argentina
715
-20
🇬🇷 Jurchens · Greece
691
-19
🇦🇷 Persians · Argentina
641
-18
🇩🇪 Wei · Germany
561
-15
babel92
0:27 Loom
12:01 Feudal Age
16:10 Castle Age
14:39 Double-Bit Axe
14:38 Horse Collar
14:53 Stone Mining
17:18 Wheelbarrow
16:52 Heavy Plow
21:31 Wheelbarrow
21:57 Gold Mining
22:58 Arson
25:19 Bow Saw
28:15 Imperial Age
27:10 Forging
27:01 Scale Mail Armor
27:25 Gambesons
27:41 Squires
29:40 Gold Shaft Mining
29:40 Hand Cart
32:24 Fortified Wall
33:15 Chemistry
32:27 Fortified Wall
35:06 Conscription
38:28 Elite Hearth Troop
39:17 Shield Wall
40:39 Iron Casting
40:19 Chain Mail Armor
40:20 Caravan
41:48 Elite Varangian Guard
44:01 Two-Man Saw
45:50 Plate Mail Armor
45:15 Fletching
45:26 Padded Archer Armor
49:52 Ballistics
49:21 Capped Ram
50:42 Bodkin Arrow
54:45 Town Watch
54:59 Cranequins
Mini440
0:47 Loom
10:27 Feudal Age
10:59 Double-Bit Axe
11:52 Wheelbarrow
11:03 Town Watch
15:53 Horse Collar
19:44 Castle Age
17:58 Gold Mining
19:41 Stone Mining
21:00 Hand Cart
21:23 Heavy Plow
22:07 Bow Saw
27:45 Gambesons
28:01 Squires
27:47 Arson
29:31 Stone Shaft Mining
28:30 Elite Skirmisher
29:14 Murder Holes
29:41 Ballistics
29:02 Pikeman
29:50 Husbandry
30:19 Bloodlines
29:30 Light Cavalry
30:20 Caravan
31:34 Thumb Ring
32:09 Fortified Wall
32:18 Masonry
35:40 Imperial Age
33:58 Town Patrol
35:01 Forging
34:56 Scale Barding Armor
34:52 Scale Mail Armor
34:53 Padded Archer Armor
34:44 Fletching
35:12 Fervor
35:22 Sanctity
35:28 Inquisition
36:39 Iron Casting
37:07 Hoardings
36:04 Sappers
36:35 Arrowslits
37:30 Architecture
38:20 Chemistry
38:02 Guilds
38:57 Two-Man Saw
38:30 Conscription
38:43 Supremacy
39:29 Chain Barding Armor
39:25 Chain Mail Armor
39:25 Leather Archer Armor
39:06 Bodkin Arrow
40:44 Blast Furnace
40:58 Elite Conquistador
43:28 Plate Barding Armor
43:23 Plate Mail Armor
43:24 Ring Archer Armor
44:42 Bracer
44:45 Halberdier
44:58 Hussar
45:20 Imperial Skirmisher
62:01 Block Printing
62:23 Theocracy
62:25 Illumination
75:58 Heavy Mounted Crossbowman
83:04 Redemption
U_Picciò
12:48 Feudal Age
15:42 Stone Mining
16:09 Horse Collar
16:18 Double-Bit Axe
18:30 Gold Mining
24:18 Castle Age
22:22 Scale Mail Armor
22:32 Forging
22:25 Padded Archer Armor
25:00 Pikeman
26:02 Chain Mail Armor
26:22 Iron Casting
26:04 Leather Archer Armor
30:33 Gold Shaft Mining
30:06 Fletching
30:20 Heavy Plow
30:35 Bow Saw
31:24 Bodkin Arrow
32:56 Wheelbarrow
32:06 Town Watch
34:09 Hand Cart
34:40 Town Patrol
39:05 Imperial Age
37:35 Ballistas
39:25 Heavy Scorpion
41:50 Chemistry
41:49 Ring Archer Armor
43:03 Comitatenses
43:09 Conscription
47:01 Blast Furnace
46:08 Halberdier
46:48 Squires
52:17 Scale Barding Armor
51:46 Light Cavalry
52:36 Bloodlines
56:07 Chain Barding Armor
59:53 Crop Rotation
73:13 Heavy Scorpion
75:21 Caravan
91:53 Man-at-Arms
93:38 Chain Barding Armor
92:48 Long Swordsman
93:21 Legionary
Althair
12:12 Feudal Age
12:51 Double-Bit Axe
13:56 Wheelbarrow
14:02 Gold Mining
15:32 Horse Collar
17:56 Town Watch
24:56 Castle Age
25:53 Bow Saw
26:12 Caravan
26:50 Hand Cart
26:21 Crossbowman
28:02 Heavy Plow
28:58 Padded Archer Armor
28:52 Fletching
31:37 Ballistics
34:23 Imperial Age
32:24 Thumb Ring
35:43 Arbalester
38:55 Leather Archer Armor
38:36 Bodkin Arrow
39:10 Stone Mining
39:05 Treadmill Crane
39:38 Masonry
41:02 Two-Man Saw
40:35 Crop Rotation
39:50 Capped Ram
41:48 Town Patrol
41:13 Pikeman
41:53 Squires
42:27 Ring Archer Armor
41:59 Bracer
43:03 Chemistry
42:36 Paper Money
41:38 Elite Rattan Archer
42:03 Elite Battle Elephant
45:02 Stone Shaft Mining
47:24 Theocracy
48:49 Husbandry
48:15 Elite Skirmisher
49:32 Illumination
48:34 Cavalier
50:21 Bombard Tower
50:01 Murder Holes
50:17 Fortified Wall
51:09 Herbal Medicine
51:54 Sanctity
51:57 Block Printing
51:45 Chatras
52:39 Onager
53:56 Bloodlines
59:17 Imperial Skirmisher
82:45 Halberdier
83:11 Arson
83:29 Scale Mail Armor
83:35 Scale Barding Armor
83:41 Forging
83:40 Siege Engineers
83:27 Heated Shot
83:27 Arrowslits
86:18 Hoardings
99:29 Elite Fire Lancer
123:32 Light Cavalry
124:56 Sappers
cedric1112
1:26 Loom
12:41 Feudal Age
13:09 Double-Bit Axe
13:05 Horse Collar
17:27 Stone Mining
17:28 Gold Mining
22:41 Castle Age
22:45 Fletching
22:56 Padded Archer Armor
23:10 Scale Barding Armor
23:30 Heavy Plow
23:41 Bow Saw
24:34 Stone Shaft Mining
24:35 Gold Shaft Mining
24:50 Bodkin Arrow
25:11 Leather Archer Armor
25:18 Thumb Ring
28:27 Wheelbarrow
29:17 Tuntian
33:12 Imperial Age
35:38 Parthian Tactics
36:12 Bracer
36:42 Ring Archer Armor
37:30 Conscription
37:51 Ming Guang Armor
36:58 Light Cavalry
37:49 Bloodlines
37:40 Husbandry
39:01 Chemistry
39:23 Crop Rotation
38:32 Hussar
39:38 Hand Cart
42:58 Chain Barding Armor
43:33 Pikeman
55:33 Caravan
65:13 Elite Tiger Cavalry
77:55 Elite Skirmisher
80:54 Heavy Scorpion
89:25 Ballistics
ntukis
0:50 Loom
13:57 Feudal Age
14:46 Double-Bit Axe
14:43 Horse Collar
20:31 Castle Age
24:57 Town Watch
25:47 Wheelbarrow
25:40 Bow Saw
25:32 Heavy Plow
29:06 Stone Mining
29:07 Gold Mining
31:08 Siege Engineers
35:16 Imperial Age
35:37 Heavy Rocket Cart
38:08 Hand Cart
39:00 Chemistry
38:26 Ballistics
40:04 Caravan
43:11 Two-Man Saw
42:43 Crop Rotation
44:01 Stone Shaft Mining
44:01 Gold Shaft Mining
49:27 Town Patrol
49:42 Fortified Wall
49:44 Scale Barding Armor
49:40 Scale Mail Armor
49:50 Forging
51:45 Guilds
52:06 Coinage
54:25 Banking
59:12 Chain Barding Armor
59:28 Iron Casting
59:08 Chain Mail Armor
65:54 Squires
65:15 Pikeman
65:41 Arson
66:36 Plate Barding Armor
67:02 Blast Furnace
67:50 Halberdier
70:20 Conscription
69:49 Elite Iron Pagoda
74:49 Elite Skirmisher
78:01 Padded Archer Armor
77:52 Fletching
81:59 Leather Archer Armor
81:40 Bodkin Arrow
83:46 Thunderclap Bombs
83:38 Fortified Bastions
85:32 Ring Archer Armor
88:46 Bracer
103:24 Elite Fire Lancer
115:40 Husbandry
115:51 Bloodlines
nachoandy10000
5:14 Loom
12:40 Feudal Age
13:58 Horse Collar
14:15 Double-Bit Axe
15:51 Gold Mining
15:58 Stone Mining
17:06 Arson
17:15 Town Watch
19:22 Wheelbarrow
21:05 Fletching
26:23 Castle Age
25:59 Bloodlines
27:08 Bow Saw
27:31 Bodkin Arrow
27:47 Forging
27:55 Heavy Plow
28:38 Gold Shaft Mining
28:26 Husbandry
27:51 Light Cavalry
29:11 Husbandry
32:45 Stone Shaft Mining
35:44 Caravan
36:24 Hand Cart
36:20 Scale Barding Armor
35:59 Pikeman
37:51 Pikeman
38:32 Squires
38:31 Gambesons
40:50 Guard Tower
41:20 Ballistics
40:51 Heated Shot
40:59 Murder Holes
41:14 Masonry
42:01 Coinage
42:11 Kamandaran
44:16 Town Patrol
52:06 Imperial Age
52:13 Cavalier
52:34 Halberdier
53:45 Conscription
53:37 Citadels
54:38 Iron Casting
54:07 Scale Mail Armor
54:45 Chain Barding Armor
54:59 Crop Rotation
57:50 Banking
58:52 Hussar
59:26 Savar
63:12 Hoardings
78:10 Two-Man Saw
79:08 Architecture
79:39 Chemistry
89:49 Guilds
92:26 Blast Furnace
91:42 Chain Mail Armor
94:47 Plate Mail Armor
103:56 Plate Barding Armor
alejandronicolass97
10:57 Feudal Age
11:24 Double-Bit Axe
12:38 Stone Mining
14:40 Horse Collar
18:10 Gold Mining
21:37 Castle Age
23:51 Stone Shaft Mining
24:28 Fortified Wall
26:21 Bow Saw
26:26 Padded Archer Armor
26:17 Fletching
27:40 Gold Shaft Mining
28:54 Leather Archer Armor
28:34 Bodkin Arrow
29:03 Ballistics
30:59 Heavy Plow
33:16 Wheelbarrow
36:05 Imperial Age
36:39 Onager
36:45 Onager
37:32 Town Watch
38:59 Chemistry
39:11 Conscription
41:42 Bracer
42:32 Siege Onager
45:34 Forging
48:23 Elite Mangudai
52:33 Iron Casting
60:28 Drill
60:11 Nomads
65:52 Blast Furnace
79:57 Masonry
80:04 Hand Cart
83:31 Caravan
84:01 Coinage
93:19 Banking
105:14 Scale Mail Armor
105:20 Scale Barding Armor
105:14 Murder Holes
110:18 Chain Barding Armor
110:06 Siege Engineers
Connection lost

Rejoining the realm…

Still unreachable

The connection could not be restored.

Session expired

The server has moved on; the page needs a fresh start.